 Dungeon Crawl Stone Soup version 0.20.0-8-g6b59dc7 (webtiles) character file.

322 Dfrag the Magician (level 6, 0/41 HPs)
             Began as a Demonspawn Fire Elementalist on May 31, 2017.
             Was an Initiate of Vehumet.
             Shot with an arrow by a centaur (2 damage)
             ... on level 5 of the Dungeon.
             The game lasted 00:08:00 (3208 turns).

Dfrag the Magician (Demonspawn Fire Elementalist)   Turns: 3208, Time: 00:08:00

Health: 0/41       AC:  3    Str:  8    XL:     6   Next: 22%
Magic:  0/12       EV: 12    Int: 18    God:    Vehumet [......]
Gold:   202        SH:  0    Dex: 14    Spells: 9/13 levels left

rFire    . . .     SeeInvis .   u - +0 long sword
rCold    . . .     Gourm    .   (no shield)
rNeg     . . .     Faith    .   a - +0 robe
rPois    .         Spirit   +   v - +0 helmet
rElec    .         Reflect  .   (no cloak)
rCorr    .         Harm     .   (no gloves)
MR       .....                  (no boots)
Stlth    ++........             (no amulet)
Regen    0.2/turn               (no ring)
MPRegen  0.2/turn               (no ring)

@: no status effects
A: spiny 1, magic shield
a: Renounce Religion


You were on level 5 of the Dungeon.
You worshipped Vehumet.
Vehumet was noncommittal.
You were not hungry.

You visited 2 branches of the dungeon, and saw 6 of its levels.

You collected 202 gold pieces.

Inventory:

Hand Weapons
 u - a +0 long sword (weapon)
Armour
 a - a +0 robe (worn)
 v - a +0 helmet (worn)
Scrolls
 d - 5 scrolls of remove curse {unknown}
 e - 2 scrolls of random uselessness {unknown}
 f - 2 scrolls of fear {unknown}
 k - a scroll of enchant weapon {unknown}
 m - a scroll of magic mapping {unknown}
 n - a scroll of identify {unknown}
 o - a scroll of noise {unknown}
 p - 3 scrolls of immolation {unknown}
 t - 2 scrolls of teleportation {unknown}
Potions
 h - 2 potions of heal wounds
 i - 2 potions of curing
 j - 2 potions of mutation {unknown}
 l - a potion of lignification {unknown}
 q - a potion of resistance {unknown}
Books
 b - a book of Flames

   Spells                             Type                      Level
   a - Flame Tongue                   Conjuration/Fire             1
   b - Throw Flame                    Conjuration/Fire             2
   c - Conjure Flame                  Conjuration/Fire             3
   d - Inner Flame                    Hexes/Fire                   3
   e - Sticky Flame                   Conjuration/Fire             4
   f - Fireball                       Conjuration/Fire             5
Comestibles
 c - 2 bread rations
 g - 2 royal jellies
 r - 2 meat rations
 s - 3 chunks of flesh


   Skills:
 - Level 1.7 Dodging
 - Level 1.7 Stealth
 + Level 4.0 Spellcasting
 + Level 3.6 Conjurations
 + Level 4.0 Fire Magic


You had 9 spell levels left.
You knew the following spells:

 Your Spells              Type           Power        Failure   Level  Hunger
a - Flame Tongue          Conj/Fire      ###..        3%          1    None
b - Conjure Flame         Conj/Fire      ###.....     9%          3    ###....


Dungeon Overview and Level Annotations

Branches:
Dungeon (5/15)             Temple (1/1) D:4

Altars:
Ashenzari
Cheibriados
Dithmenos
Elyvilon
Fedhas
Hepliaklqana
Kikubaaqudgha
Makhleb
Okawaru
Qazlal
Sif Muna
Vehumet
Yredelemnul
Zin


Innate Abilities, Weirdness & Mutations

You are partially covered in sharp spines.
When hurt, damage is shared between your health and your magic reserves.


Message History

The flame tongue hits the worm.
The worm is severely wounded.
The centaur shoots an arrow.
The arrow hits you!
The kobold throws a stone.
The stone barely misses you.
Casting: Flame Tongue
Confirm with . or Enter, or press ? or * to list all spells.
Aiming: Flame Tongue
Press: ? - help, Shift-Dir - straight line, f/p - worm
Aim: a worm (severely wounded)
The flame tongue hits the worm.
You kill the worm!
Vehumet accepts your kill.
The centaur shoots an arrow.
The arrow hits you!
* * * LOW HITPOINT WARNING * * *
The kobold throws a stone.
The stone closely misses you.
The kobold throws a stone.
The stone hits you.
* * * LOW HITPOINT WARNING * * *
The centaur shoots an arrow.
The arrow hits you!
* * * LOW HITPOINT WARNING * * *
You die...

######++#######
≈≈≈≈≈....≈≈≈≈≈≈
≈≈≈≈≈..).c≈≈≈≈≈
≈≈≈≈≈K...≈≈≈≈≈≈
≈.≈..≈).K.≈.≈≈≈≈
................
.......@......$
#....##((##..##
#..# #.## # ###
#..# #.# . ..#
#..####.# # #.#
#......(# ####.#
##.###### ...#.#
#.# ...#.# #.#


You could see a centaur and 2 kobolds.

Vanquished Creatures
  An ogre (D:4)
  A scorpion (D:4)
  Natasha (D:4)
  7 adders
  2 oozes
  7 worms
  2 dart slugs
  2 leopard geckos (D:2)
  An orc (D:4)
  3 ball pythons
  11 bats
  4 giant cockroaches
  7 goblins
  3 hobgoblins
  4 jackals (D:5)
  5 kobolds
  6 frilled lizards
  5 rats
72 creatures vanquished.

Notes
Turn   | Place    | Note
-------+----------+-------------------------------------------
     0 | D:1      | Dfrag the Demonspawn Fire Elementalist began the quest for the Orb.
     0 | D:1      | Reached XP level 1. HP: 13/13 MP: 3/3
     6 | D:1      | Noticed a redback
     6 | D:1      | Noticed a polar bear
     6 | D:1      | Noticed a black mamba
     7 | D:1      | Noticed a hound
   254 | D:1      | Gained mutation: When hurt, damage is shared between your health and your magic reserves. [demonic ancestry]
   254 | D:1      | Reached XP level 2. HP: 14/19 MP: 3/5
   831 | D:2      | Reached XP level 3. HP: 24/24 MP: 2/6
  1058 | D:2      | Found an ancient bone altar of Kikubaaqudgha.
  1349 | D:2      | Reached XP level 4. HP: 13/30 MP: 5/8
  1726 | D:3      | Found a burning altar of Makhleb.
  2077 | D:3      | Found a white marble altar of Elyvilon.
  2079 | D:3      | Found a shattered altar of Ashenzari.
  2474 | D:4      | Reached XP level 5. HP: 35/35 MP: 8/10
  2524 | D:4      | Found a staircase to the Ecumenical Temple.
  2582 | D:4      | Noticed an ogre
  2627 | Temple   | Entered the Ecumenical Temple
  2698 | Temple   | Became a worshipper of Vehumet
  2750 | D:5      | Entered Level 5 of the Dungeon
  2798 | D:4      | Learned a level 3 spell: Conjure Flame
  2803 | D:4      | Killed an ogre
  2803 | D:4      | Gained mutation: You are partially covered in sharp spines. [demonic ancestry]
  2803 | D:4      | Reached XP level 6. HP: 41/41 MP: 2/11
  2973 | D:4      | Noticed Natasha
  2978 | D:4      | Killed Natasha
  3208 | D:5      | HP: 2/41 [centaur/arrow (9)]
  3208 | D:5      | Shot with an arrow by a centaur

Skill      XL: |  1  2  3  4  5  6 |
---------------+-------------------+-----
Fire Magic     | 3 4 |  4.0
Conjurations   | 2 3 |  3.6
Spellcasting   | 3 4 |  4.0
Dodging        | |  1.7
Stealth        | |  1.7

Action                   |  1- 3 |  4- 6 || total
-------------------------+-------+-------++-------
Melee: Unarmed           |    48 |     3 ||    51
 Cast: Flame Tongue      |    69 |    84 ||   153
       Conjure Flame     |       |     1 ||     1
  Use: Potion            |     6 |       ||     6
  Eat: Chunk             |     2 |     6 ||     8
Armor: Robe              |    10 |     6 ||    16
Dodge: Dodged            |    72 |    20 ||    92
       Rpst.: Long sword |       |     2 ||     2
